 Dungeon Crawl Stone Soup version 0.20.1-1-g8b1a95d (webtiles) character file.

48 zezblit the Grasshopper (level 3, 0/33 HPs)
             Began as a Naga Warper on Oct 26, 2017.
             Slain by a worm (3 damage)
             ... on level 2 of the Dungeon.
             The game lasted 00:08:42 (2082 turns).

zezblit the Grasshopper (Naga Warper)               Turns: 2082, Time: 00:08:42

Health: 0/33       AC:  3    Str: 14    XL:     3   Next: 72%
Magic:  6/6        EV:  8    Int: 13    God:
Gold:   104        SH:  3    Dex: 10    Spells: 2/6 levels left

rFire    . . .     SeeInvis +   a - +0 hand axe
rCold    . . .     Gourm    .   o - +0 buckler
rNeg     . . .     Faith    .   k - +0 ring mail
rPois    +         Spirit   .   (no helmet)
rElec    .         Reflect  .   (no cloak)
rCorr    .         Harm     .   (no gloves)
MR       .....                  (no barding)
Stlth    +.........             (no amulet)
Regen    0.2/turn               (no ring)
MPRegen  0.1/turn               (no ring)

@: very slow
A: see invisible, deformed body, poison resistance, slowness 2, slow metabolism
1, spit poison 1, AC +1
a: Spit Poison


You were on level 2 of the Dungeon.
You were not hungry.

You visited 1 branch of the dungeon, and saw 2 of its levels.

You collected 104 gold pieces.

Inventory:

Hand Weapons
 a - a +0 hand axe (weapon)
Missiles
 e - 4 tomahawks of dispersal
 j - 9 tomahawks (quivered)
Armour
 b - a +0 leather armour
 k - a +0 ring mail (worn)
 o - a +0 buckler (worn)
Scrolls
 d - a scroll of blinking
 h - a scroll of teleportation
 i - a scroll of recharging
 m - 3 scrolls of magic mapping
Potions
 l - a potion of might
Books
 c - a book of Spatial Translocations

   Spells                             Type                      Level
   a - Blink                          Translocation                2
   b - Shroud of Golubria             Charms/Translocation         2
   c - Lesser Beckoning               Translocation                3
   d - Gell's Gravitas                Translocation                3
   e - Teleport Other                 Translocation                3
   f - Passage of Golubria            Translocation                4
Comestibles
 f - 2 bread rations
 n - a meat ration


   Skills:
 + Level 2.4 Fighting
 + Level 2.6 Axes
 + Level 0.8 Throwing
 + Level 1.5 Armour
 + Level 1.7 Dodging
 + Level 0.4 Stealth
 + Level 2.3 Spellcasting
 + Level 3.0 Translocations


You had 2 spell levels left.
You knew the following spells:

 Your Spells              Type           Power        Failure   Level  Hunger
a - Blink                 Tloc           N/A          36%         2    ###....
b - Shroud of Golubria    Chrm/Tloc      #.........   56%         2    ###....


Dungeon Overview and Level Annotations

Branches:
Dungeon (2/15)

Altars:
Elyvilon
The Shining One


Innate Abilities, Weirdness & Mutations

You cannot wear boots.
Your serpentine skin is tough. (AC +1)
You have supernaturally acute eyesight. (SInv)
Armour fits poorly on your strangely shaped body.
Your system is resistant to poisons. (rPois)
You cover ground very slowly.
You have a slow metabolism.
You can spit poison.


Message History

The worm bites you.
You hit the worm but do no damage.
The worm is almost dead.
You hit the worm.
The worm is almost dead.
The worm bites you.
* * * LOW HITPOINT WARNING * * *
You barely miss the worm.
The worm is almost dead.
The worm bites you.
* * * LOW HITPOINT WARNING * * *
You hit the worm.
The worm is almost dead.
You hit the worm but do no damage.
The worm is almost dead.
The worm completely misses you.
You hit the worm but do no damage.
The worm is almost dead.
The worm bites you.
You die...

###.#######***** #.#
#.....#*,,,,,,,* #.#
##.#.#.#*,,,,,,,* #.#
#....#.##.......# #.#
##.###.##.......# #..
#.....##.......# ###
#...####.......# ###.# ##.......#
#@# #.......## #w# #.##.....#
********* #.# #.##..)..#
*,,,,,,,* #.# #.##.....#
*,*****,* #.###........#
***,*****,*****#....w..##.#.#####
,,,,,,,**,,,,,,########...#......
***,**,,,,,,**,* ##..###..###
*,*****,,>,*,* *#..##.##..##


You could see a worm.

Vanquished Creatures
  An adder (D:2)
  An ooze (D:2)
  A dart slug (D:1)
  A leopard gecko (D:2)
  A ball python (D:2)
  3 bats
  2 goblins
  5 hobgoblins
  4 jackals (D:1)
  3 frilled lizards
  4 kobolds
  4 rats
30 creatures vanquished.

Notes
Turn   | Place    | Note
-------+----------+-------------------------------------------
     0 | D:1      | zezblit the Naga Warper began the quest for the Orb.
     0 | D:1      | Reached XP level 1. HP: 19/19 MP: 3/3
   484 | D:1      | Reached XP level 2. HP: 26/26 MP: 5/5
   670 | D:1      | Reached skill level 1 in Armour
  1328 | D:1      | Reached XP level 3. HP: 13/32 MP: 6/6
  1469 | D:1      | Learned a level 2 spell: Blink
  1472 | D:1      | Learned a level 2 spell: Shroud of Golubria
  1660 | D:2      | Found a glowing golden altar of the Shining One.
  1711 | D:2      | Found a white marble altar of Elyvilon.
  2082 | D:2      | Slain by a worm

Skill      XL: |  1  2 |
---------------+-------+-----
Armour         | 1 |  1.5
Fighting       | |  2.4
Axes           | |  2.6
Throwing       | |  0.8
Dodging        | |  1.7
Stealth        | |  0.4
Spellcasting   | |  2.3
Translocations | |  3.0

Action                   || total
-------------------------++-------
Melee: Hand axe          ||   116
Throw: Tomahawk          ||     1
 Cast: Shroud of Golubri ||     1
 Abil: Spit Poison       ||    17
  Use: Scroll            ||     5
       Potion            ||     3
  Eat: Bread ration      ||     1
Armor: Leather armour    ||     5
       Ring mail         ||    24
Dodge: Dodged            ||    68
